Map: Moondance

Players

Hokni

  • Race: Protoss Protoss
  • League: Diamond
  • Spawn Location: 12:00

Allthumbs - Winner!

  • Race: Protoss Protoss
  • League: Diamond
  • Spawn Location: 6:00

VOD

Have the link to the VOD?

Description

Time

  • Played on: Nov. 6, 2022, 8:32 a.m.
  • Length: 5:57
Show
View Real Time Build Order
Export as new Build Order

Hokni Protoss 

Build Orders:  

Get SALT Encoding   

  12  0:00  Probe (Chrono Boost)  
  13  0:10  Probe (Chrono Boost)  
  14  0:18  Pylon  
  14  0:22  Probe  
  15  0:36  Gateway  
  15  0:39  Probe  
  16  0:46  Assimilator  
  16  0:52  Probe  
  17  1:04  Probe (Chrono Boost)  
  18  1:10  Gateway  
  18  1:14  Probe (Chrono Boost)  
  19  1:19  Probe (Chrono Boost)  
  19  1:24  Cybernetics Core  
  19  1:30  Probe, Pylon  
  20  1:42  Probe  
  21  1:58  Warp Gate (Chrono Boost)  
  21  2:00  Adept  
  21  2:01  Adept  
  25  2:08  Probe  
  26  2:19  Nexus  
  26  2:26  Assimilator  
  26  2:31  Stalker  
  28  2:41  Probe  
  29  3:17  Probe  
  26  3:29  Probe  
  26  3:33  Nexus, Robotics Facility  
  27  3:35  Pylon  
  27  3:37  Twilight Council  
  27  3:41  Probe  
  27  3:44  Probe  
  29  3:53  Probe  
  30  3:56  Probe  
  30  3:58  Stalker  
  30  4:01  Sentry  
  35  4:05  Probe  
  36  4:21  Stalker  
  38  4:30  Stalker  
  34  4:44  Stalker  
  34  4:49  Immortal (Chrono Boost)  
  36  4:54  Stalker  
  29  5:17  Stalker  
  25  5:33  Zealot  
  17  5:36  Probe  
  17  5:37  Probe  
  17  5:41  Zealot  
Show
View Real Time Build Order
Export as new Build Order

Allthumbs Protoss - Winner!

Build Orders: Blink Stalkers 

Get SALT Encoding   

  12  0:00  Probe  
  13  0:13  Probe  
  14  0:17  Pylon  
  14  0:25  Probe (Chrono Boost)  
  16  0:37  Probe (Chrono Boost)  
  16  0:38  Gateway  
  16  0:42  Probe (Chrono Boost)  
  16  0:47  Assimilator  
  17  0:52  Probe  
  17  0:56  Assimilator  
  18  1:04  Probe (Chrono Boost)  
  19  1:15  Probe (Chrono Boost)  
  20  1:19  Gateway  
  20  1:20  Probe (Chrono Boost)  
  21  1:32  Cybernetics Core  
  21  1:35  Probe  
  22  1:43  Pylon  
  22  1:48  Probe  
  23  2:10  Warp Gate, Stalker  
  23  2:11  Stalker  
  27  2:17  Twilight Council  
  27  2:40  Pylon, Stalker  
  27  2:41  Stalker  
  31  3:12  Blink (Chrono Boost)  
  26  3:24  Probe  
  27  3:27  Stalker x2  
  27  3:30  Pylon  
  31  3:36  Probe  
  32  3:49  Gateway  
  32  3:59  Gateway  
  32  4:02  Gateway  
  32  4:12  Probe  
  31  4:37  Stalker x2  
  33  5:01  Stalker x4  
  41  5:14  Stalker  
  37  5:35  Stalker x3  
Tags
 
Composition
Blink Stalkers
Matchup
ПvП
Spawn Locations
Cross Positions
Add a new tag
Caveats
  • Supply blocks, unpowered buildings, or Contaminate may cause inaccurate times.
  • Supply counts are checked every 10 seconds.